AoeStats
← Lady Palmerita

Arena

509688344Analyzed
1v1 RM · 5d ago on Sep 27, 2026· 36m 18s· 2 players
Game mode
Random Map
Map size
Tiny (2 player)
Population
200
Speed
Normal
Resources
Standard
Victory
Conquest
Starting age
Dark Age
Ending age
Imperial Age
RankedLock teamsTeams togetherTeam positionsShared explorationLock speedFull tech treeHidden civsTurbo modeCheats
Victory
Defeat
🇮🇳 Portuguese · India
533
+16
🇦🇷 Persians · Argentina
533
-16
Lady Palmerita
2:58 Loom
10:29 Feudal Age
10:51 Double-Bit Axe
11:53 Wheelbarrow
11:35 Town Watch
12:58 Town Watch
16:18 Horse Collar
20:27 Castle Age
19:23 Gold Mining
19:25 Stone Mining
19:52 Bloodlines
22:03 Town Patrol
22:52 Bow Saw
24:50 Scale Barding Armor
25:47 Husbandry
26:01 Forging
27:46 Hand Cart
28:07 Heavy Plow
29:39 Iron Casting
29:29 Fletching
29:27 Light Cavalry
34:27 Imperial Age
32:48 Gold Shaft Mining
32:51 Stone Shaft Mining
33:21 Masonry
33:22 Careening
34:42 Kamandaran
34:15 Cavalier
35:44 Architecture
35:10 Murder Holes
35:39 Conscription
kabirphadke
0:30 Loom
3:02 Loom
12:41 Feudal Age
16:39 Castle Age
15:33 Double-Bit Axe
15:31 Horse Collar
15:56 Stone Mining
16:23 Gold Mining
18:11 Wheelbarrow
21:30 Bow Saw
26:33 Hand Cart
28:53 Imperial Age
26:54 Pikeman
27:42 Scale Mail Armor
28:28 Fervor
28:41 Sanctity
29:10 Fletching
29:31 Forging
30:30 Block Printing
31:28 Stone Shaft Mining
32:08 Chemistry
32:01 Theocracy
31:46 Town Watch
34:12 Chain Mail Armor
33:59 Padded Archer Armor
35:27 Siege Engineers
35:43 Ballistics
36:37 Conscription
Connection lost

Rejoining the realm…

Still unreachable

The connection could not be restored.

Session expired

The server has moved on; the page needs a fresh start.